 Dungeon Crawl Stone Soup version 0.30-a0-726-gd89dcf765f (webtiles) character file.

Game seed: 13154955119172833236

95323 drugrobin the Brawler (level 15, -10/132 HPs)
             Began as a Demigod Delver on Jan 29, 2023.
             Killed by a resonance strike
             ... invoked by Zenata
              (38 damage)
             ... on level 1 of the Elven Halls.
             The game lasted 01:28:44 (30918 turns).

drugrobin the Brawler (Demigod Delver)             Turns: 30918, Time: 01:28:45

Health: -10/132    AC: 21    Str: 31    XL:     15   Next: 23%
Magic:  18/18      EV: 13    Int: 21    God:
Gold:   759        SH: 10    Dex: 15    Spells: 14/14 levels left

rFire   . . .      SeeInvis .      - Unarmed
rCold   . . .      Faith    .    d - +2 buckler of Submission {rPois rC- rCorr}
rNeg    . . .      Spirit   .    e - +2 chain mail {Will+}
rPois   +          Reflect  +    i - +2 hat {Int+3}
rElec   .          Harm     .    z - +1 cloak
rCorr   +          Rampage  .    C - +1 pair of gloves {hurl}
Will    ++++.                    I - +0 pair of boots {Fly} Stlth
                                 j - amulet of reflection
HPRegen 0.42/turn                h - +4 ring of protection
MPRegen 0.16/turn                p - ring "Zahulach" {rC+ Will++ Str+6 Int-2 Slay+5, =R}

@: about to teleport, flying
A: high MP 1, forlorn, divine attributes
a: no special abilities


You were on level 1 of the Elven Halls.
You visited 4 branches of the dungeon, and saw 23 of its levels.
You also visited: Gauntlet.

You collected 2665 gold pieces.
You spent 1906 gold pieces at shops.

Inventory:

Hand Weapons
 b - a +5 hand crossbow
 c - a +2 dagger of venom
Missiles
 w - 41 poisoned darts
 L - 11 javelins (quivered)
Armour
 d - the +2 buckler of Submission (worn) {rPois rC- rCorr}
   (You bought it in a shop on level 2 of the Orcish Mines)

   rC:        It makes you vulnerable to cold.
   rPois:     It protects you from poison.
   rCorr:     It protects you from acid and corrosion.
 e - a +2 chain mail of willpower (worn)
 i - a +2 hat of intelligence (worn)
 z - a +1 cloak (worn)
 C - a +1 pair of gloves of hurling (worn)
 I - a +0 pair of boots of flying (worn)
 V - a +0 troll leather armour
Jewellery
 a - a ring of see invisible
 h - a +4 ring of protection (left hand)
 j - an amulet of reflection (around neck)
 p - the ring "Zahulach" (right hand) {rC+ Will++ Str+6 Int-2 Slay+5, =R}
   (You took it off a wight on level 6 of the Dungeon)

   [ring of strength]

   Str:       It affects your strength (+6).
   Int:       It affects your intelligence (-2).
   Slay:      It affects your accuracy & damage with ranged weapons and melee
   (+5).
   rC:        It protects you from cold.
   Will:      It greatly increases your willpower.
 S - a ring of protection from cold
Wands
 t - a wand of paralysis (4)
 E - a wand of flame (13)
 O - a wand of iceblast (19)
 P - a wand of quicksilver (17)
 Q - a wand of polymorph (4)
 T - a wand of mindburst (4)
Scrolls
 g - a scroll of fog
 k - 2 scrolls of butterflies
 l - 5 scrolls of poison
 o - 4 scrolls of torment
 v - 3 scrolls of blinking
 y - 3 scrolls of fear
 A - 5 scrolls of vulnerability
 F - a scroll of enchant weapon
 G - 4 scrolls of immolation
 N - 4 scrolls of enchant armour
 R - 2 scrolls of identify
 U - 4 scrolls of magic mapping
 W - 10 scrolls of teleportation
Potions
 f - 2 potions of invisibility
 m - 4 potions of might
 n - 4 potions of heal wounds
 q - 4 potions of ambrosia
 u - 10 potions of curing
 x - 4 potions of lignification
 B - a potion of cancellation
 H - 3 potions of haste
 J - 4 potions of berserk rage
 K - 2 potions of flight
 M - 2 potions of resistance
 Z - a potion of attraction
Miscellaneous
 s - a phantom mirror
 X - a box of beasts
 Y - a lightning rod (4/4)


   Skills:
 - Level 12.0 Fighting
 - Level 12.0 Dodging
 - Level 4.5 Stealth
 + Level 19.8 Unarmed Combat
 - Level 4.0 Evocations


You had 14 spell levels left.
You didn't know any spells.
Your spell library contained the following spells:

 Spells                   Type           Power      Damage    Failure   Level
 Lesser Beckoning         Tloc           0%         N/A       90%         2
 Gell's Gravitas          Tloc           0%         N/A       99%         3
 Stone Arrow              Conj/Erth      0%         3d7       99%         3
 Teleport Other           Tloc           0%         N/A       99%         3
 Tukima's Dance           Hex            0%         N/A       99%         3
 Animate Armour           Summ/Erth      0%         N/A       100%        4
 Leda's Liquefaction      Hex/Erth       0%         N/A       100%        4
 Passage of Golubria      Tloc           0%         N/A       100%        4
 Summon Lightning Spire   Summ/Air       0%         N/A       100%        4
 Lee's Rapid Deconstruct  Erth           0%         3d4*      100%        5
 Yara's Violent Unravell  Hex/Tmut       0%         3d3       100%        5
 Statue Form              Tmut/Erth      0%         N/A       100%        6
 Storm Form               Tmut/Air       0%         N/A       100%        7
 Lehudib's Crystal Spear  Conj/Erth      0%         10d2      100%        8
 Maxwell's Capacitive Co  Air            0%         ∞         100%        8


Dungeon Overview and Level Annotations

Branches:
Dungeon (15/15)            Temple (0/1) D:6            Lair (5/5) D:10
 Shoals (0/4) Lair:2       Spider (0/4) Lair:2        Slime (0/5) Lair:5
    Orc (2/2) D:12            Elf (1/3) Orc:2        Vaults (0/5) D:13
 Depths (0/4) D:15        Gauntlet (visited)

Shops:
D:8 *   D:9 =   D:12 ![[(   D:14 (   Orc:2 [:*(

Portals:
Bazaar: Orc:2

Annotations:
D:4 1 runed translucent door, Crazy Yiuf
D:14 Agnes
Lair:2 1 runed translucent door, drugrobin's ghost, journeyman DgDe
Elf:1 Zenata


Innate Abilities, Weirdness & Mutations

You have an increased reservoir of magic. (+10% MP)
You shall have no god before yourself.
Your divine heritage dramatically boosts your attributes as you level up.


Message History

Unknown command.
Unknown command.
Unknown command.
Unknown command.
Unknown command.
Unknown command.
You barely miss the +2 hand axe of electrocution.
The +2 hand axe of electrocution is almost destroyed.
You block the +2 hand axe of electrocution's attack.
The +2 hand axe of electrocution hits you.
* * * LOW HITPOINT WARNING * * *
Unknown command.
Unknown command.
Attack: -) Nothing wielded
Press: ? - help, Dir - move target, f - +2 hand axe of electrocution
Aim: a +2 hand axe of electrocution (severely damaged, summoned, fast, about 44% to evade your hands)
Okay, then.
Unknown command.
Unknown command.
You pummel the +2 hand axe of electrocution!!
You destroy the +2 hand axe of electrocution!
The +2 hand axe of electrocution disappears in a puff of smoke!
Unknown command.
Unknown command.
As you read the scroll of teleportation, it crumbles to dust.
You feel strangely unstable.
Unknown command.
Unknown command.
Unknown command.
Unknown command.
You feel much better.
Zenata hits you with a +5 executioner's axe!!
* * * LOW HITPOINT WARNING * * *
Unknown command.
Unknown command.
Unknown command.
You feel much better.
Zenata points at you and mumbles some strange words.
A blast of power from the earth strikes you!
You die...

#.........# #.#
##.......## #.#
+#.....#'###.#
##+#####'##'###
##.....#
##.....##
#.......#
#.......#
#@.(....#
##a....##
#'.....#
#(###+### #a#
#(# +#


You could see Zenata.

Vanquished Creatures
  Jorgrun (D:15)
  Gastronok (Lair:1)
  A frost giant (D:15)
  An orc warlord (Orc:2)
  An ettin (shapeshifter) (Gauntlet)
  A rakshasa (D:15)
  Fannar (D:11)
  A hydra (Lair:5)
  A vault guard (D:13)
  2 catoblepae
  4 centaur warriors
  A dancing weapon (Elf:1)
  A deep troll shaman (Lair:5)
  2 two-headed ogres
  10 death yaks
  9 tengu warriors
  4 boulder beetles
  The ghost of pokeman the Thaumaturge, a journeyman DEHW of Vehumet (D:10)
  Urug (D:10)
  5 orc high priests (Orc:2)
  Amaemon (Lair:2)
  A deep elf knight (Elf:1)
  5 skeletal warriors (D:15)
  3 lindwurms
  3 deep elf pyromancers (Elf:1)
  A deep elf zephyrmancer (Elf:1)
  5 orc knights
  A manticore (D:13)
  10 ugly things
  24 elephants
  3 orc sorcerers (Orc:2)
  4 cyclopes
  A spectral centaur (D:10)
  A worldbinder (Gauntlet)
  An ice statue (Orc:2)
  6 slime creatures
  An orange demon (Lair:2)
  4 black mambas
  3 gargoyles
  A torpor snail (Lair:5)
  An unseen horror (D:13)
  6 cane toads
  3 rime drakes
  4 kobold demonologists
  A yaktaur (D:13)
  An efreet (Gauntlet)
  A freezing wraith (D:13)
  5 komodo dragons
  An unseen horror skeleton (D:10)
  A tengu conjurer (D:13)
  7 trolls
  5 polar bears
  A polar bear (shapeshifter) (D:13)
  4 dream sheep (Lair:5)
  22 blink frogs
  A spectral black mamba (D:10)
  11 flying skulls (D:10)
  6 shadows
  An air elemental (Elf:1)
  3 vampires
  3 centaur simulacra
  21 yaks
  8 wraiths
  3 wyverns
  2 basilisks (D:10)
  A redback (Lair:2)
  3 steam dragons
  3 fire elementals (Gauntlet)
  8 vampire mosquitoes
  An acid dragon (D:11)
  8 wargs
  Edmund (D:5)
  3 hell hounds
  12 water moccasins
  2 sky beasts (D:6)
  24 orc warriors
  2 boulder beetle simulacra (D:10)
  A black bear (Lair:4)
  2 black mamba simulacra (D:10)
  5 ogres
  2 boggarts (Gauntlet)
  21 wolves
  3 centaurs
  A phantom (D:6)
  4 kobold brigands
  8 bullfrogs
  2 gnoll sergeants
  3 scorpions
  8 wights
  10 killer bees
  A howler monkey (D:10)
  3 electric eels
  2 jellies
  10 orc priests
  2 gnoll boudas
  3 hounds
  2 centaur skeletons (D:10)
  Jessica (D:2)
  An iguana (D:4)
  4 hell rats (D:10)
  8 orc wizards
  A howler monkey skeleton (D:10)
  6 adders
  15 gnolls
  A shadow imp (D:5)
  2 white imps
  3 ufetubi
  3 worms
  2 dart slugs
  53 orcs
  13 endoplasms
  5 giant cockroaches
  9 goblins
  9 hobgoblins
  9 jackals
  13 kobolds
  3 quokkas
  10 ball pythons
  4 bats
  A frilled lizard (D:2)
  8 rats
  A butterfly (Lair:1)
596 creatures vanquished.

Vanquished Creatures (collateral kills)
  A dire elephant (Lair:5)
1 creature vanquished.

Vanquished Creatures (others)
  2 orc wizards (Orc:1)
  4 bushes (Lair:5)
  26 demonic plants (Gauntlet)
  61 fungi
  91 plants
  8 toadstools (D:2)
192 creatures vanquished.

Grand Total: 789 creatures vanquished

Notes
Turn   | Place    | Note
-------+----------+-------------------------------------------
     0 | D:5      | drugrobin the Demigod Delver began the quest for the Orb.
     0 | D:5      | Reached XP level 1. HP: 18/18 MP: 3/3
    26 | D:5      | Noticed a gnoll bouda
    75 | D:3      | Noticed an orc wizard
   144 | D:2      | Reached skill level 2 in Unarmed Combat
   247 | D:1      | Found Tommejir's Distillery.
   324 | D:1      | Reached XP level 2. HP: 25/25 MP: 4/4
   500 | D:1      | Reached skill level 3 in Unarmed Combat
   749 | D:1      | Reached XP level 3. HP: 27/30 MP: 5/5
  1158 | D:2      | Noticed Jessica
  1488 | D:2      | Reached skill level 4 in Unarmed Combat
  1757 | D:2      | Reached XP level 4. HP: 24/37 MP: 6/6
  2075 | D:2      | Killed Jessica
  2286 | D:3      | Reached skill level 5 in Unarmed Combat
  2388 | D:3      | Reached XP level 5. HP: 20/42 MP: 7/7
  3266 | D:4      | Identified the +6 mace "Butrics" {holy, rPois MP+9}
  3847 | D:4      | Reached skill level 6 in Unarmed Combat
  4005 | D:4      | Found a runed translucent door.
  4006 | D:4      | Noticed Crazy Yiuf
  4056 | D:5      | Reached XP level 6. HP: 50/50 MP: 8/8
  4519 | D:5      | Reached skill level 7 in Unarmed Combat
  4872 | D:6      | Reached XP level 7. HP: 51/56 MP: 9/9
  4898 | D:6      | Found a staircase to the Ecumenical Temple.
  4949 | D:6      | Noticed Edmund
  4969 | D:5      | Reached skill level 8 in Unarmed Combat
  5745 | D:6      | Identified the ring "Zahulach" {rC+ Will++ Str+6 Int-2
                  | Slay+5}
  5757 | D:6      | Reached skill level 9 in Unarmed Combat
  5804 | D:6      | Reached XP level 8. HP: 60/62 MP: 10/10
  6778 | D:5      | Killed Edmund
  7022 | D:7      | Reached skill level 10 in Unarmed Combat
  7818 | D:7      | Found the +7 Throatcutter {drain, coup de grace}
  7818 | D:7      | Noticed a kobold demonologist
  7818 | D:7      | Noticed a kobold demonologist
  7818 | D:7      | Noticed a kobold demonologist
  7818 | D:7      | Noticed a kobold demonologist
  7880 | D:7      | Noticed an orange demon
  7881 | D:7      | Killed a kobold demonologist
  7882 | D:7      | Reached skill level 5 in Fighting
  7883 | D:7      | Noticed a soul eater
  7884 | D:7      | Noticed a rust devil
  7892 | D:6      | Noticed an orange demon
  7894 | D:6      | Killed a kobold demonologist
  7921 | D:7      | Reached XP level 9. HP: 67/74 MP: 11/11
  7996 | D:7      | Killed a kobold demonologist
  8192 | D:7      | Reached skill level 11 in Unarmed Combat
  8263 | D:7      | Killed a kobold demonologist
  8669 | D:8      | Found Miodgh's Assorted Antiques.
  8685 | D:8      | Bought a silver wand for 96 gold pieces
  8685 | D:8      | Bought a runed lead wand for 96 gold pieces
  9363 | D:9      | Reached skill level 1 in Evocations
  9527 | D:9      | Found Tuall's Jewellery Shoppe.
  9582 | D:9      | Reached XP level 10. HP: 82/88 MP: 13/13
  9629 | D:9      | Noticed a boulder beetle
  9645 | D:9      | Killed a boulder beetle
 10121 | D:9      | Reached skill level 12 in Unarmed Combat
 10261 | D:10     | Entered Level 10 of the Dungeon
 10842 | D:10     | Reached XP level 11. HP: 83/97 MP: 14/14
 11032 | D:10     | Noticed a two-headed ogre
 11038 | D:10     | Killed a two-headed ogre
 11039 | D:10     | Reached skill level 13 in Unarmed Combat
 11309 | D:10     | Found a runed translucent door.
 11313 | D:10     | Noticed pokeman's ghost (journeyman DEHW)
 11322 | D:10     | Found a staircase to the Lair.
 11340 | D:10     | Reached skill level 10 in Fighting
 11443 | D:10     | Noticed Urug
 11450 | Lair:1   | Entered Level 1 of the Lair of Beasts
 11454 | Lair:1   | Identified a scroll of acquirement
 11587 | Lair:1   | Noticed Gastronok
 11655 | Lair:1   | Killed Gastronok
 12429 | Lair:2   | Found a staircase to the Shoals.
 12617 | Lair:2   | Found a runed translucent door.
 12628 | Lair:2   | Found a hole to the Spider Nest.
 12932 | Lair:2   | Noticed Amaemon
 13208 | Lair:2   | Killed Amaemon
 13242 | Lair:2   | Reached skill level 14 in Unarmed Combat
 13526 | Lair:2   | Noticed an eight-headed hydra
 13526 | Lair:2   | Noticed drugrobin's ghost (journeyman DgDe)
 13770 | Lair:3   | You fall into a shaft and drop 1 floor!
 13780 | Lair:4   | Noticed a lindwurm
 14051 | Lair:3   | Noticed a death yak
 14051 | Lair:3   | Noticed a death yak
 14104 | Lair:3   | Killed a death yak
 14301 | Lair:3   | Noticed a death yak
 14340 | Lair:2   | Killed a death yak
 14341 | Lair:2   | Reached XP level 12. HP: 55/110 MP: 15/15
 14945 | Lair:3   | Reached skill level 5 in Dodging
 16934 | Lair:5   | Entered Level 5 of the Lair of Beasts
 17111 | Lair:5   | Reached skill level 15 in Unarmed Combat
 17451 | Lair:5   | Noticed a catoblepas
 17552 | Lair:5   | Reached XP level 13. HP: 105/118 MP: 16/16
 17755 | Lair:5   | Noticed a dire elephant
 18119 | Lair:5   | Reached skill level 16 in Unarmed Combat
 18229 | Lair:5   | Noticed a dire elephant
 18922 | Lair:5   | Reached skill level 10 in Dodging
 19126 | Lair:5   | Found a staircase to the Slime Pits.
 19438 | Lair:5   | Killed a dire elephant
 19817 | D:10     | Killed Urug
 20118 | D:10     | Identified the +9 halberd of Dim Light {elec, Will+ Str+2}
 20446 | D:10     | Killed pokeman's ghost
 20650 | D:11     | Noticed Fannar
 20662 | D:11     | Killed Fannar
 20677 | D:11     | Found a gate leading to a gauntlet.
 20705 | Gauntlet | Entered a Gauntlet
 20705 | Gauntlet | Found a transporter.
 20705 | Gauntlet | Found a transporter.
 20705 | Gauntlet | Found a transporter.
 20753 | Gauntlet | Found a transporter.
 20755 | Gauntlet | Found a transporter.
 20763 | Gauntlet | Found a transporter.
 20766 | Gauntlet | Found a transporter.
 20773 | Gauntlet | Noticed a dire elephant
 20783 | Gauntlet | Found a transporter.
 20792 | Gauntlet | Found a transporter.
 20797 | Gauntlet | Found a transporter.
 20800 | Gauntlet | Found a transporter.
 20811 | Gauntlet | Found a transporter.
 21103 | Gauntlet | Reached XP level 14. HP: 48/126 MP: 17/17
 21333 | Gauntlet | Reached skill level 17 in Unarmed Combat
 21882 | D:1      | Bought a potion of ambrosia for 80 gold pieces
 21882 | D:1      | Bought a potion of attraction for 30 gold pieces
 21882 | D:1      | Bought a potion of brilliance for 40 gold pieces
 21882 | D:1      | Bought a potion of curing for 30 gold pieces
 21882 | D:1      | Bought a potion of haste for 100 gold pieces
 21882 | D:1      | Bought 2 potions of mutation for 160 gold pieces
 21882 | D:1      | Bought a potion of lignification for 30 gold pieces
 21882 | D:1      | Bought a potion of invisibility for 80 gold pieces
 21882 | D:1      | Bought a potion of resistance for 100 gold pieces
 21882 | D:1      | Bought a potion of curing for 30 gold pieces
 21882 | D:1      | Bought a potion of might for 40 gold pieces
 23202 | D:12     | Found Mumurphytav's Antique Armour Emporium.
 23368 | D:12     | Found Leunou's Armour Shop.
 23368 | D:12     | Found Dukizxoelu's Distillery.
 23395 | D:12     | Found Amygud Wizu's Weapon Boutique.
 23618 | D:12     | Found a staircase to the Orcish Mines.
 23624 | D:12     | Bought a potion of magic for 80 gold pieces
 23630 | Orc:1    | Entered Level 1 of the Orcish Mines
 23947 | Orc:2    | Entered Level 2 of the Orcish Mines
 23993 | Orc:2    | Found Nius's Antique Armour Shoppe.
 24701 | Orc:2    | Found Wucull's Book Shoppe.
 24739 | Orc:2    | Noticed an orc warlord
 24776 | Orc:2    | Killed an orc warlord
 24800 | Orc:2    | Bought a runed cloak for 187 gold pieces
 24800 | Orc:2    | Bought a pair of runed boots for 187 gold pieces
 24800 | Orc:2    | Bought a faintly glowing buckler for 237 gold pieces
 24800 | Orc:2    | Identified the +2 buckler of Submission {rPois rC- rCorr}
                  | (You bought it in a shop on level 2 of the Orcish Mines)
 25027 | Orc:2    | Found Faenijak's Antique Weapon Shoppe.
 25282 | Orc:2    | Found Veprorr's General Store.
 25292 | Orc:2    | Bought a scroll of identify for 28 gold pieces
 25402 | D:12     | Bought a pair of polished gloves for 275 gold pieces
 25402 | D:12     | Identified the +1 pair of gloves of the Fletcher {-Tele
                  | Rampage Dex+5} (You bought it in a shop on level 12 of the
                  | Dungeon)
 25546 | Orc:2    | Found a staircase to the Elven Halls.
 25548 | Orc:2    | Found a gateway to a bazaar.
 26157 | Orc:1    | You are sucked into a shaft and drop 1 floor!
 26436 | D:13     | Reached skill level 18 in Unarmed Combat
 26803 | D:13     | Found a gate to the Vaults.
 26808 | D:13     | Identified the +8 morningstar "Nuijet" {freeze, Dex+3}
 27723 | D:14     | Found Fehydume's Antique Weapon Boutique.
 28821 | D:15     | Entered Level 15 of the Dungeon
 28891 | D:15     | Reached skill level 19 in Unarmed Combat
 29149 | D:15     | Reached XP level 15. HP: 93/132 MP: 18/18
 29483 | D:15     | Noticed Jorgrun
 29494 | D:15     | Killed Jorgrun
 29795 | D:15     | Found a staircase to the Depths.
 30092 | D:15     | Noticed Agnes
 30546 | Elf:1    | Entered Level 1 of the Elven Halls
 30840 | Elf:1    | Paralysed by an air elemental for 1 turns
 30847 | Elf:1    | Paralysed by an air elemental for 1 turns
 30898 | Elf:1    | Noticed Zenata
 30917 | Elf:1    | HP: 4/132 [Zenata/+5 executioner's axe (30)]
 30918 | Elf:1    | Killed from afar by Zenata

Illustrated notes

Levels and vault maps discovered:
D:1:      shiori_arrival_maze, layout_loops_ring, serial_shops,
          nicolae_shop_advertising_works [nicolae_subvault_shop_adworks],
          basic_ecumenical_altar, hangedman_decor_lopped, minmay_pentomino_t4
D:2:      cheibrodos_fertilizer, layout_basic, minmay_misc_feat_tiny,
          uniq_jessica
D:3:      layout_basic, hangedman_feature_mirror
D:4:      layout_rooms, nemelex_xobeh_ov_fountains_minmay,
          uniq_crazy_yiuf_cottage
D:5:      layout_layer_cave, overflow_temple_1_default, lemuel_tele_altar
D:6:      layout_layer_cave, minmay_temple_entry_stoned_glass,
          grunt_ministairs_14, uniq_edmund
D:7:      layout_basic, dilly_guarded_unrand_throatcut
D:8:      layout_gridville, serial_shops, shop
D:9:      layout_loops_ring, nicolae_ru_sacrificial_ziggurat, serial_shops, shop
D:10:     lemuel_vampire_tower, layout_basic, lair_entry_dummy,
          ebering_ghost_reflecting_pool, uniq_urug
D:11:     layout_grid_maze, gauntlet_entry_generic, fedhas_altar_4, uniq_fannar
D:12:     layout_basic, orc_0_dummy, serial_shops, nicolae_shop_stone, shop,
          nicolae_shop_waterfront, shop
D:13:     layout_small_grid, david_vaults_5, kennysheep_generic_room_4
D:14:     layout_small_grid, skrybe_limestone_x, serial_shops,
          nicolae_shop_stone
D:15:     grunt_enter_depths_snipers, layout_long_grid, serial_glass,
          glass_columns_a, glass_columns_a, minmay_strange_pillars,
          uniq_josephine, uniq_jorgrun, uniq_agnes
Lair:1:   layout_hall_layers, lemuel_fruit_fields, serial_bayou_shore_b,
          lemuel_fruit_fields, uniq_gastronok
Lair:2:   layout_gridlike, shoals_dummy_entry, spider_nest_entry_webs,
          ebering_ghost_inner_flame, grunt_megastairs_5, uniq_amaemon
Lair:3:   layout_chaotic_city, infiniplex_staircase_pool
Lair:4:   layout_cave_pods, grunt_megastairs_4
Lair:5:   grunt_lair_end_beastmaster, layout_cave_pods, dpeg_slime_entry_corner,
          st_stairs_3, nicolae_lair_grazing_beasts [nicolae_sub_lair_graze_edge,
          nicolae_sub_lair_graze_edge, nicolae_sub_lair_graze_edge,
          nicolae_sub_lair_graze_edge]
Orc:1:    layout_caves, kennysheep_orc_sif_temple
Orc:2:    grunt_orc_gardens, layout_caves, grunt_orc_garden, grunt_orc_garden,
          grunt_orc_garden, grunt_orc_garden, serial_shops, statue_bzr
Elf:1:    elf_arrival_001, layout_geoelf_diagonals,
          kennysheep_underground_church, dk_noncrumbling_4, uniq_zenata

Skill      XL: |  1  2  3  4  5  6  7  8  9 10 11 12 13 14 |
---------------+-------------------------------------------+-----
Unarmed Combat | 2 3 4 5 6 7 9 10 11 12 14 15 16 19 | 19.8
Fighting       | 5 7 9 11 12 | 12.0
Evocations     | 1 4 |  4.0
Dodging        | 4 7 10 12 | 12.0
Stealth        | |  4.5

Action                     |  1- 3 |  4- 6 |  7- 9 | 10-12 | 13-15 || total
---------------------------+-------+-------+-------+-------+-------++-------
  Melee: Unarmed           |   198 |   205 |   151 |   441 |   907 ||  1902
         Dagger            |    34 |    68 |       |       |    10 ||   112
         Punch             |     6 |     9 |    12 |    51 |    66 ||   144
         Long sword        |       |       |    30 |    28 |       ||    58
         Mace              |       |       |     5 |       |       ||     5
         Short sword       |       |       |       |    16 |     9 ||    25
   Fire: Sling             |       |     6 |       |       |       ||     6
         Hand crossbow     |       |       |    34 |   102 |    53 ||   189
  Throw: Boomerang         |     3 |     7 |     7 |    15 |       ||    32
         Dart              |       |    10 |       |    15 |    42 ||    67
         Throwing net      |       |       |       |     3 |     4 ||     7
         Javelin           |       |       |       |       |    24 ||    24
  Evoke: Wand              |     1 |       |     5 |     5 |     5 ||    16
         Box of beasts     |       |       |       |       |     2 ||     2
         Phantom mirror    |       |       |       |       |     1 ||     1
    Use: Scroll            |     1 |     3 |     1 |     5 |    12 ||    22
         Potion            |     1 |       |     1 |       |     7 ||     9
   Stab: Sleeping          |     7 |     2 |       |     1 |       ||    10
         Paralysed         |       |       |     2 |     2 |       ||     4
         Petrified         |       |       |       |       |     4 ||     4
         Distracted        |       |       |       |       |     1 ||     1
         Petrifying        |       |       |       |       |     1 ||     1
 Armour: Leather armour    |    29 |       |       |       |       ||    29
         Ring mail         |    48 |    31 |       |       |       ||    79
         Scale mail        |       |    41 |       |       |       ||    41
         Chain mail        |       |     9 |    74 |   125 |   247 ||   455
         Troll leather arm |       |       |       |    29 |    35 ||    64
  Dodge: Dodged            |   112 |    93 |    62 |   252 |   422 ||   941
  Block: Other             |    29 |    49 |    36 |    94 |    92 ||   300
         Reflection        |     1 |     2 |     2 |     1 |    12 ||    18
         Buckler           |       |       |       |       |   201 ||   201

Table legend: (Time is in decaauts)
 A = Elapsed time spent in this place.
 B = Non-inter-level travel time spent in this place.
 C = Inter-level travel time spent in this place.
 D = Time resting spent in this place.
 E = Time spent auto-exploring this place.
 F = Levels seen in this place.
 G = Mean time per level.
                   A        B        C        D        E       F      G
               +--------+--------+--------+--------+--------+-----+--------+
         Total |  30627 |  28839 |   1788 |   6207 |  15423 |  24 | 1276.1 |
       Dungeon |  18374 |  17194 |   1180 |   3042 |  10055 |  15 | 1224.9 |
          Lair |   8272 |   7965 |    307 |   1720 |   4146 |   5 | 1654.4 |
  Orcish Mines |   2690 |   2390 |    300 |    798 |    981 |   2 | 1345.0 |
   Elven Halls |    359 |    359 |      0 |    133 |     64 |   1 |  359.0 |
      Gauntlet |    930 |    930 |      0 |    514 |    176 |   1 |  930.0 |
               +--------+--------+--------+--------+--------+-----+--------+

Top non-repeatable levels by time:
  Lair:5: 2463 daAuts
  Lair:3: 1973 daAuts
     D:6: 1861 daAuts
    D:13: 1722 daAuts
    D:10: 1703 daAuts
   Orc:2: 1650 daAuts
     D:7: 1517 daAuts
  Lair:2: 1346 daAuts
  Lair:4: 1316 daAuts
    D:15: 1236 daAuts
     D:9: 1216 daAuts
     D:2: 1195 daAuts
     D:3: 1192 daAuts
  Lair:1: 1174 daAuts
    D:12: 1083 daAuts
